Map: Ulrena

Players

ILLBdA

  • Race: Protoss Protoss
  • League: Diamond

llllllllllll - Winner!

  • Race: Zerg Zerg
  • League: Platinum

VOD

Have the link to the VOD?

Description

Time

  • Played on: Dec. 13, 2015, 5:57 a.m.
  • Length: 12:09
Show
View Real Time Build Order
Export as new Build Order

ILLBdA Protoss 

Build Orders:  

Get SALT Encoding   

  12  0:01  Probe (Chrono Boost)  
  13  0:12  Probe (Chrono Boost)  
  14  0:20  Pylon  
  14  0:23  Probe (Chrono Boost)  
  15  0:38  Probe (Chrono Boost)  
  16  0:49  Probe (Chrono Boost)  
  17  1:05  Gateway  
  17  1:13  Nexus  
  17  1:17  Probe (Chrono Boost)  
  18  1:19  Assimilator  
  18  1:25  Assimilator  
  18  1:27  Probe (Chrono Boost)  
  19  1:38  Probe (Chrono Boost)  
  20  1:48  Probe (Chrono Boost)  
  20  1:53  Cybernetics Core  
  21  1:57  Gateway  
  21  1:59  Probe (Chrono Boost)  
  22  2:10  Probe (Chrono Boost)  
  23  2:24  Probe (Chrono Boost)  
  26  2:30  Warp Gate  
  26  2:31  Stalker (Chrono Boost)  
  26  2:36  Mothership Core  
  26  2:37  Probe  
  31  2:46  Stalker (Chrono Boost)  
  31  2:47  Probe  
  32  2:57  Adept (Chrono Boost)  
  34  3:00  Probe  
  34  3:01  Probe  
  38  3:16  Adept (Chrono Boost)  
  38  3:29  Pylon  
  38  3:37  Pylon x2  
  38  3:39  Pylon  
  38  3:47  Probe  
  39  3:52  Stalker (Chrono Boost)  
  43  3:56  Adept (Chrono Boost)  
  43  4:01  Probe  
  44  4:06  Stargate  
  44  4:19  Probe  
  44  4:23  Gateway  
  44  4:24  Gateway  
  49  4:25  Probe  
  46  4:45  Zealot x2  
  45  4:48  Oracle (Chrono Boost)  
  46  4:54  Probe  
  47  5:00  Probe  
  47  5:04  Assimilator  
  47  5:06  Probe, Assimilator  
  49  5:09  Gateway  
  49  5:11  Probe, Pylon  
  50  5:18  Probe  
  51  5:23  Pylon  
  51  5:31  Pylon  
  51  5:32  Zealot, Pylon  
  53  5:38  Probe  
  54  5:48  Probe  
  59  5:50  Probe, Void Ray (Chrono Boost)  
  59  5:56  Pylon  
  60  5:58  Probe  
  60  6:02  Probe  
  62  6:06  Sentry x2  
  62  6:10  Probe  
  66  6:15  Pylon  
  67  6:27  Void Ray (Chrono Boost)  
  67  6:32  Sentry, Zealot  
  75  6:33  Probe  
  75  6:34  Probe  
  77  6:43  Sentry  
  77  6:44  Probe  
  80  7:04  Void Ray (Chrono Boost)  
  72  7:26  Adept x5  
  70  7:43  Void Ray  
  66  7:53  Adept x5  
  76  7:58  Gateway  
  76  7:59  Gateway  
  76  8:02  Pylon  
  76  8:08  Probe  
  76  8:11  Pylon  
  76  8:12  Adept x2  
  79  8:13  Adept  
  83  8:23  Probe  
  84  8:29  Void Ray (Chrono Boost)  
  84  8:33  Nexus  
  88  8:34  Pylon  
  88  8:47  Stargate  
  88  8:55  Pylon  
  88  8:58  Stalker x2  
  92  9:05  Probe  
  92  9:06  Twilight Council  
  93  9:17  Adept  
  99  9:30  Adept x4  
  109  9:47  Adept  
  109  9:50  Resonating Glaives (Chrono Boost)  
  109  9:51  Void Ray x2 (Chrono Boost)  
  109  9:52  Probe  
  113  9:54  Probe x2  
  116  10:03  Probe  
  116  10:05  Zealot  
  116  10:06  Probe x2  
  121  10:13  Probe  
  121  10:14  Pylon  
  121  10:18  Probe  
  121  10:32  Probe  
  122  10:36  Pylon  
  122  10:38  Pylon  
  122  10:40  Pylon  
  122  10:48  Void Ray  
  122  10:54  Void Ray  
  122  10:55  Assimilator  
  122  10:56  Assimilator  
  130  11:00  Forge  
  130  11:06  Templar Archives  
  130  11:11  Pylon  
  130  11:12  Pylon  
  130  11:14  Pylon  
  130  11:18  Adept x4  
  134  11:21  Sentry  
  140  11:37  Zealot x2  
  152  11:59  Zealot x2  
  152  12:00  Zealot x5  
Show
View Real Time Build Order
Export as new Build Order

llllllllllll Zerg - Winner!

Build Orders: 3 Hatch before Pool 

Get SALT Encoding   

  12  0:01  Drone  
  13  0:08  Drone  
  13  0:12  Extractor  
  13  0:15  Drone  
  15  0:24  Overlord  
  15  0:43  Drone x2  
  17  1:02  Drone  
  18  1:04  Hatchery  
  17  1:11  Drone  
  17  1:29  Hatchery, Drone  
  17  1:33  Drone  
  18  1:47  Spawning Pool  
  17  1:50  Drone  
  17  1:53  Drone  
  19  2:04  Overlord, Extractor  
  19  2:06  Drone  
  19  2:12  Drone  
  20  2:29  Drone  
  21  2:33  Queen x2  
  21  2:34  Zergling x2  
  26  2:38  Zergling x2  
  26  2:40  Drone  
  28  2:48  Queen  
  30  2:52  Drone  
  30  2:55  Drone  
  30  2:58  Drone  
  33  3:02  Drone  
  34  3:06  Metabolic Boost  
  34  3:10  Drone  
  35  3:13  Drone  
  35  3:25  Queen  
  36  3:27  Drone  
  36  3:28  Drone x2  
  36  3:30  Overlord  
  39  3:40  Zergling x4  
  39  3:41  Spine Crawler  
  40  3:47  Zergling x2  
  40  3:48  Spine Crawler  
  41  3:51  Zergling x6  
  41  3:52  Zergling x2  
  46  4:02  Spine Crawler, Zergling x2  
  44  4:03  Zergling x8  
  45  4:18  Zergling x10  
  49  4:26  Overlord  
  49  4:28  Spine Crawler x2  
  47  4:31  Zergling x4  
  47  4:45  Zergling x14  
  51  4:46  Zergling x2  
  50  4:56  Drone x4  
  51  5:06  Drone x3  
  54  5:08  Drone  
  54  5:09  Lair  
  54  5:13  Spore Crawler  
  54  5:17  Spore Crawler  
  53  5:28  Drone x4  
  57  5:37  Overlord x3  
  57  5:38  Overlord  
  57  5:44  Roach Warren  
  56  5:52  Drone  
  56  5:53  Spore Crawler  
  56  5:55  Drone, Queen  
  56  5:56  Drone  
  60  5:58  Drone  
  60  5:59  Drone  
  60  6:00  Drone  
  60  6:01  Drone  
  60  6:03  Drone  
  65  6:08  Drone x3  
  68  6:13  Drone x3  
  71  6:20  Extractor  
  71  6:21  Extractor  
  71  6:23  Roach x3  
  71  6:24  Roach  
  77  6:29  Evolution Chamber  
  77  6:31  Overseer  
  75  6:33  Overseer  
  75  6:34  Roach x3  
  75  6:38  Roach x2  
  85  6:47  Glial Reconstitution  
  85  6:51  Drone x2  
  87  6:55  Roach  
  87  6:56  Overlord x3  
  89  7:01  Zerg Missile Weapons Level 1  
  88  7:10  Roach  
  89  7:17  Roach x5  
  89  7:20  Zergling x2  
  89  7:21  Zergling x12  
  100  7:35  Zergling x6  
  100  7:36  Zergling x12  
  100  7:37  Zergling x2  
  106  7:41  Queen  
  108  7:46  Drone x3  
  108  7:47  Ravager x3  
  114  7:54  Overlord x2  
  114  8:11  Queen  
  114  8:12  Hatchery  
  115  8:15  Roach  
  115  8:16  Roach x6  
  115  8:17  Ravager  
  130  8:20  Extractor  
  130  8:23  Overlord x2  
  129  8:29  Overseer  
  129  8:31  Overseer  
  129  8:52  Roach x3  
  129  8:53  Roach x5  
  145  8:57  Overseer  
  145  9:00  Overlord  
  145  9:01  Overlord x2  
  145  9:06  Hydralisk Den  
  145  9:08  Spore Crawler  
  143  9:10  Spore Crawler  
  143  9:11  Spore Crawler  
  143  9:16  Spore Crawler  
  140  9:21  Drone  
  140  9:22  Drone x9  
  150  9:25  Extractor  
  150  9:26  Extractor  
  148  9:46  Hydralisk x4  
  148  9:47  Hydralisk x3  
  162  9:56  Drone x4  
  162  9:58  Queen  
  168  10:00  Spore Crawler, Overlord  
  167  10:11  Muscular Augments  
  167  10:13  Overlord  
  167  10:25  Hydralisk  
  167  10:26  Hydralisk x3  
  168  10:31  Drone x3  
  168  10:32  Drone  
  168  10:33  Drone  
  173  10:37  Hydralisk  
  173  10:42  Hydralisk x2  
  177  10:44  Hydralisk  
  181  10:50  Evolution Chamber  
  181  10:52  Hydralisk x2  
  181  10:55  Overlord  
  184  10:57  Overlord  
  184  11:03  Infestation Pit  
  183  11:04  Overlord  
  183  11:14  Hydralisk  
  183  11:15  Hydralisk x4  
  183  11:18  Hydralisk  
  195  11:20  Hydralisk  
  195  11:23  Hydralisk  
  199  11:30  Drone  
Tags
 
Matchup
PvZ
Replay Pack
me
Add a new tag
Caveats
  • Supply blocks, unpowered buildings, or Contaminate may cause inaccurate times.
  • Supply counts are checked every 10 seconds.